 Dungeon Crawl Stone Soup version 0.23-a0-643-g9ccc95a (webtiles) character file.

211 Lanoc the Sneak (level 5, -5/42 HPs)
             Began as a Naga Enchanter on Dec 31, 2018.
             Was an Initiate of Cheibriados.
             Killed from afar by an orc wizard (9 damage)
             ... with a magic dart
             ... on level 4 of the Dungeon.
             The game lasted 00:08:46 (2936 turns).

Lanoc the Sneak (Naga Enchanter)                    Turns: 2936, Time: 00:08:48

Health: -5/42      AC:  4    Str: 11    XL:     5   Next: 88%
Magic:  5/8        EV: 10    Int: 16    God:    Cheibriados [......]
Gold:   117        SH:  0    Dex: 14    Spells: 6/9 levels left

rFire    . . .     SeeInvis +   l - +2 dagger (flame)
rCold    . . .     Gourm    +   (no shield)
rNeg     . . .     Faith    .   b - +0 robe
rPois    +         Spirit   .   (no helmet)
rElec    .         Reflect  .   n - +0 cloak
rCorr    .         Harm     .   m - +0 pair of gloves
MR       .....                  (no barding)
Stlth    +++++.....             c - amulet of the gourmand
HPRegen  0.14/turn              f - ring of stealth
MPRegen  0.11/turn              k - ring of stealth

@: short of breath, flying, very slow
A: large, see invisible, deformed body, poison resistance, slowness 2, slow
metabolism 1, spit poison 1, AC +1
a: Spit Poison, Bend Time, Renounce Religion


You were on level 4 of the Dungeon.
You worshipped Cheibriados.
Cheibriados was noncommittal.
You were completely stuffed.

You visited 1 branch of the dungeon, and saw 4 of its levels.

You collected 117 gold pieces.

Inventory:

Hand Weapons
 l - a +2 dagger of flaming (weapon)
Armour
 b - a +0 robe (worn)
 m - a +0 pair of gloves (worn)
 n - a +0 cloak (worn)
Jewellery
 c - an amulet of the gourmand (around neck)
 f - a ring of stealth (left hand)
 k - a ring of stealth (right hand)
Scrolls
 a - a scroll of teleportation {unknown}
 g - 2 scrolls of enchant armour {unknown}
 i - a scroll of blinking {unknown}
 j - 2 scrolls of identify {unknown}
Potions
 e - a potion of flight
 h - a potion of curing
Comestibles
 d - 6 rations


   Skills:
 * Level 3.0 Short Blades
 + Level 2.2 Dodging
 * Level 6.6 Stealth
 + Level 2.6 Spellcasting
 + Level 3.5 Hexes


You had 6 spell levels left.
You knew the following spells:

 Your Spells              Type           Power        Failure   Level  Hunger
a - Corona                Hex            ##.....      4%          1    #......
b - Ensorcelled Hibernat  Hex/Ice        #.....       14%         2    ##.....

Your spell library contained the following spells:

 Spells                   Type           Power        Failure   Level  Hunger
 Confuse                  Hex            ##......     13%         3    ###....
 Tukima's Dance           Hex            ##......     13%         3    ###....
 Dazzling Spray           Conj/Hex       #.....       28%         3    ###....


Dungeon Overview and Level Annotations

Branches:
Dungeon (4/15)
 Temple: D:4-7

Altars:
Cheibriados

Annotations:
D:3 3 runed doors, MisterFreud's ghost, amateur OpGl


Innate Abilities, Weirdness & Mutations

You cannot wear boots.
Your serpentine skin is tough. (AC +1)
You have supernaturally acute eyesight. (SInv)
Armour fits poorly on your strangely shaped body.
Your system is resistant to poisons. (rPois)
You cover ground very slowly.
You have a slow metabolism.
You can spit poison.


Message History

The jackal barks!
You hit the orc wizard but do no damage.
The orc wizard is severely wounded.
The orc wizard hits you but does no damage.
The orc hits you with a +0 dagger.
* * * LOW HITPOINT WARNING * * *
The orc wizard hits you but does no damage.
The orc wizard hits you with a +0 dagger.
* * * LOW HITPOINT WARNING * * *
The orc wizard closely misses you.
Press: ? - help, Shift-Dir - straight line, f/p - orc
Aim: an orc, wielding a +0 dagger (slow)
The splash of poison hits the orc.
The orc is poisoned.
You kill the orc!
Cheibriados appreciates the change of pace.
You feel slightly less full.
The orc wizard hits you but does no damage.
The orc wizard casts a spell at you. The magic dart hits you!
You die...

#...........
#.........#
#.....$...##..
#.............
#..........>..
#.............
#.............
#.o)......##..
.......#.@ooh....# .
........#..........#
........#..........#
#.......<#..........#
#........#..........#
#....^...#..........#
#........#.........#
#........'.........
#........#........


You could see 2 orc wizards, an orc and a jackal.

Vanquished Creatures
  2 orc priests (D:3)
  Crazy Yiuf (D:2)
  Terence (D:3)
  3 adders (D:3)
  An ooze (D:1)
  A worm (D:2)
  A dart slug (D:1)
  2 leopard geckos
  7 orcs
  A giant cockroach (D:1)
  5 hobgoblins
  2 jackals (D:1)
  4 kobolds
  A quokka (D:2)
  A ball python (D:3)
  4 bats
  7 frilled lizards
  9 goblins
  4 rats
57 creatures vanquished.

Notes
Turn   | Place    | Note
-------+----------+-------------------------------------------
     0 | D:1      | Lanoc the Naga Enchanter began the quest for the Orb.
     0 | D:1      | Reached XP level 1. HP: 15/15 MP: 3/3
    64 | D:1      | Reached XP level 2. HP: 4/22 MP: 5/5
   603 | D:1      | Reached skill level 5 in Stealth
   607 | D:1      | Reached XP level 3. HP: 26/28 MP: 6/6
  1611 | D:2      | Found a runed door.
  1615 | D:2      | Noticed Crazy Yiuf
  1619 | D:2      | Killed Crazy Yiuf
  1619 | D:2      | Reached XP level 4. HP: 36/36 MP: 7/7
  1879 | D:3      | HP: 1/36 [poisoned by a kobold]
  2326 | D:3      | Noticed MisterFreud's ghost (amateur OpGl)
  2328 | D:3      | Found a runed gate.
  2328 | D:3      | Found a runed gate.
  2328 | D:3      | Found a runed gate.
  2411 | D:3      | Noticed Terence
  2418 | D:3      | Killed Terence
  2418 | D:3      | Reached skill level 6 in Stealth
  2418 | D:3      | Reached XP level 5. HP: 42/42 MP: 8/8
  2823 | D:3      | Found a snail-covered altar of Cheibriados.
  2831 | D:3      | Became a worshipper of Cheibriados the Contemplative
  2835 | D:3      | Learned a level 2 spell: Ensorcelled Hibernation
  2936 | D:4      | Killed from afar by an orc wizard

Vault maps used:
D:1:      evilmike_arrival_home_sweet_home
D:2:      minmay_misc_feat_four_crosses, uniq_crazy_yiuf_cottage
D:3:      lemuel_crystal_altar, gammafunk_ghost_split, first_ration,
          uniq_terence

Skill      XL: |  1  2  3  4  5 |
---------------+----------------+-----
Stealth        | 5 6 |  6.6
Short Blades   | 2 3 |  3.0
Dodging        | 2 |  2.2
Spellcasting   | |  2.6
Hexes          | |  3.5

Action                   |  1- 3 |  4- 6 || total
-------------------------+-------+-------++-------
Melee: Dagger            |   102 |    48 ||   150
Invok: Bend Time         |       |     1 ||     1
 Abil: Spit Poison       |    21 |    10 ||    31
  Use: Potion            |       |     2 ||     2
 Stab: Sleeping          |    15 |     6 ||    21
  Eat: Chunk             |    14 |     5 ||    19
Armor: Robe              |    18 |    13 ||    31
Dodge: Dodged            |    45 |    19 ||    64

Table legend:
 A = Non-vault XP
 B = Vault XP
 C = Vault XP percentage of total XP
 D = Non-vault monster count
 E = Vault monster count
 F = Vault count percentage of total count
                 A         B        C        D         E       F
            +---------+---------+-------+---------+---------+-------
      Total |     226 |      76 |  25.2 |      55 |       2 |   3.5
            +---------+---------+-------+---------+---------+-------
        D:1 |      47 |       0 |   0.0 |      24 |       0 |   0.0
        D:2 |      27 |      40 |  59.7 |      14 |       1 |   6.7
        D:3 |     149 |      36 |  19.5 |      16 |       1 |   5.9
        D:4 |       3 |       0 |   0.0 |       1 |       0 |   0.0
            +---------+---------+-------+---------+---------+-------
